 Dungeon Crawl Stone Soup version 0.31.0-1-g2c135a0 (webtiles) character file.

Game seed: 2165089672285295231

80 cheolkong the Slicer (level 4, -3/34 HPs)
             Began as a Gnoll Wanderer on Apr 7, 2024.
             Blown up by Ijyb (12 damage)
             ... with a mindburst bolt
             ... on level 3 of the Dungeon.
             The game lasted 00:04:59 (1150 turns).

cheolkong the Slicer (Gnoll Wanderer)               Turns: 1150, Time: 00:05:00

Health: -3/34      AC:  4    Str:  9    XL:     4   Next: 39%
Magic:  11/11      EV: 11    Int: 12    God:
Gold:   34         SH:  5    Dex: 15    Spells: 13/13 levels left

rFire   . . .        a - +0 short sword
rCold   . . .        b - +0 buckler
rNeg    . . .        d - +0 robe
rPois   .            l - +1 helmet
rElec   .            (no cloak)
rCorr   .            (no gloves)
SInv    .            (no boots)
Will    .....        i - amulet of magic regeneration
Stlth   ++           (no ring)
HPRegen 0.25/turn    (no ring)
MPRegen 0.52/turn

%: no passive effects
@: no status effects
A: fangs 1, strong nose, distributed training
a: no special abilities


You were on level 3 of the Dungeon.
You visited 1 branch of the dungeon, and saw 4 of its levels.

You collected 34 gold pieces.

Inventory:

Hand Weapons
 a - a +0 short sword (weapon)
Armour
 b - a +0 buckler (worn)
 d - a +0 robe (worn)
 l - a +1 helmet (worn)
Jewellery
 i - an amulet of magic regeneration (around neck)
Wands
 j - a wand of charming (4)
Scrolls
 e - 2 scrolls of teleportation {unknown}
 f - 3 scrolls of identify {unknown}
Potions
 c - a potion of berserk rage
 g - a potion of enlightenment {unknown}
 h - a potion of degeneration {unknown}
 k - a potion of resistance {unknown}


   Skills:
 + Level 2.8 Fighting
 + Level 8.6 Short Blades
 + Level 1.2 Long Blades
 + Level 1.2 Axes
 + Level 1.2 Maces & Flails
 + Level 1.2 Polearms
 + Level 1.2 Staves
 + Level 1.2 Ranged Weapons
 + Level 1.2 Throwing
 + Level 1.2 Armour
 + Level 1.2 Dodging
 + Level 2.6 Stealth
 + Level 2.8 Shields
 + Level 1.2 Unarmed Combat
 + Level 5.1 Spellcasting
 + Level 1.0 Conjurations
 + Level 1.0 Hexes
 + Level 1.0 Summonings
 + Level 1.0 Necromancy
 + Level 1.0 Translocations
 + Level 1.0 Fire Magic
 + Level 1.0 Ice Magic
 + Level 1.0 Air Magic
 + Level 1.0 Earth Magic
 + Level 1.0 Alchemy
 + Level 1.3 Invocations
 + Level 1.2 Evocations
 + Level 1.1 Shapeshifting


You had 13 spell levels left.
You didn't know any spells.
Your spell library contained the following spells:

 Spells                   Type           Power      Damage    Failure   Level
 Kiss of Death            Conj/Necr      20%        2d7       21%         1
 Magic Dart               Conj           20%        1d4       21%         1
 Blink                    Tloc           10%        N/A       30%         2
 Call Imp                 Summ           10%        N/A       30%         2
 Sublimation of Blood     Necr           5%         N/A       30%         2
 Hailstorm                Conj/Ice       5%         3d5       52%         3


Dungeon Overview and Level Annotations

Branches:
Dungeon (4/15)
 Temple: D:4-7

Altars:

Annotations:
D:3 Ijyb


Innate Abilities, Weirdness & Mutations

You have very sharp teeth.
Your uncanny sense of smell can sniff out nearby items.
Your experience applies equally to all skills.


Message History

You now have 34 gold pieces (gained 14).
A goblin comes into view. It is wielding a +0 club.
The goblin shouts!
You hit the goblin.
You kill the goblin!
No target in view!
Found an escape hatch in the floor.
g - an amethyst potion
Found 7 stones.
Found a faded altar of an unknown god.
Ijyb the Twisted Goblin comes into view.
She is wielding a +0 dagger, wearing a +3 leather armour of cold resistance and carrying a wand of mindburst.
Found a scroll labelled RYORRA DAVEKK.
You hit Ijyb.
Ijyb is lightly wounded.
Ijyb hits you with a +0 dagger.
You hit Ijyb but do no damage.
Ijyb is lightly wounded.
Ijyb zaps a wand.
Your mind is blasted!
You hit Ijyb.
Ijyb is lightly wounded.
You hit Ijyb but do no damage.
Ijyb is lightly wounded.
A frilled lizard comes into view.
Ijyb completely misses you.
You barely miss Ijyb.
The frilled lizard hisses angrily.
Your bite misses Ijyb.
Ijyb is lightly wounded.
You hit Ijyb.
Ijyb is moderately wounded.
Ijyb hits you with a +0 dagger.
You closely miss Ijyb.
Ijyb is moderately wounded.
Ijyb zaps a wand.
Your mind is blasted!
Ouch! That really hurt!
* * * LOW HITPOINT WARNING * * *
You are too injured to fight recklessly!
You are too injured to fight recklessly!
You are too injured to fight recklessly!
Ijyb zaps a wand.
Your mind is blasted!
You die...

##### #.# ....# #.#
###.## #.#
##...########.#
#..........##.#
#....#####.##.# #
#.#.######.##.# ..#
#.#........##.######.....
#.#.######.##...@.l...(..
..#.# ###.#######g.§§§..
. #.# #.>.[........§.§..
#. #.....######...§_§.
............ ....§..
...##....##### ##?.§.. ..
....... ....# . .###.####
##### # #.


You could see Ijyb and a frilled lizard.

Vanquished Creatures
  Terence (D:3)
  2 adders (D:2)
  2 dart slugs (D:1)
  2 ball pythons
  2 giant cockroaches
  5 goblins
  2 hobgoblins (D:1)
  4 jackals (D:2)
  A quokka (D:1)
  A bat (D:1)
  2 frilled lizards (D:1)
  4 kobolds (D:1)
  3 rats (D:1)
31 creatures vanquished.

Notes
Turn   | Place    | Note
-------+----------+-------------------------------------------
     0 | D:1      | cheolkong the Gnoll Wanderer began the quest for the Orb.
     0 | D:1      | cheolkong set off with the following items: a +0 short
                  | sword, a +0 buckler, a potion of berserk rage, a +0 robe;
                  | and the following spells available to memorise: Kiss of
                  | Death, Magic Dart, Sublimation of Blood, Hailstorm.
     0 | D:1      | Reached XP level 1. HP: 17/17 MP: 6/6
   139 | D:1      | Reached XP level 2. HP: 23/23 MP: 7/7
   480 | D:1      | Reached skill level 5 in Spellcasting
   480 | D:1      | Reached XP level 3. HP: 28/28 MP: 7/9
   681 | D:2      | Reached skill level 1 in Invocations
   831 | D:2      | Reached skill level 1 in Long Blades
   831 | D:2      | Reached skill level 1 in Axes
   831 | D:2      | Reached skill level 1 in Maces & Flails
   831 | D:2      | Reached skill level 1 in Polearms
   831 | D:2      | Reached skill level 1 in Staves
   831 | D:2      | Reached skill level 1 in Ranged Weapons
   831 | D:2      | Reached skill level 1 in Throwing
   831 | D:2      | Reached skill level 1 in Armour
   831 | D:2      | Reached skill level 1 in Dodging
   831 | D:2      | Reached skill level 1 in Unarmed Combat
   831 | D:2      | Reached skill level 1 in Evocations
   944 | D:2      | You fall into a shaft and drop 2 floors!
   961 | D:4      | Noticed a scorpion
  1077 | D:3      | Noticed Terence
  1082 | D:3      | Killed Terence
  1083 | D:3      | Reached skill level 1 in Shapeshifting
  1083 | D:3      | Reached XP level 4. HP: 34/34 MP: 11/11
  1095 | D:3      | Reached skill level 1 in Conjurations
  1095 | D:3      | Reached skill level 1 in Hexes
  1095 | D:3      | Reached skill level 1 in Summonings
  1095 | D:3      | Reached skill level 1 in Necromancy
  1095 | D:3      | Reached skill level 1 in Translocations
  1095 | D:3      | Reached skill level 1 in Fire Magic
  1095 | D:3      | Reached skill level 1 in Ice Magic
  1095 | D:3      | Reached skill level 1 in Air Magic
  1095 | D:3      | Reached skill level 1 in Earth Magic
  1095 | D:3      | Reached skill level 1 in Alchemy
  1140 | D:3      | Found a faded altar of an unknown god.
  1141 | D:3      | Noticed Ijyb
  1150 | D:3      | Blown up by Ijyb

Illustrated notes

Levels and vault maps discovered:
D:1:      minmay_arrival_open_corners, layout_rooms, roderic_malta_cross
D:2:      layout_loops_ring, minmay_puff, uniq_robin
D:3:      layout_loops_ring, ebering_ecumenical_altar_mist, uniq_terence,
          uniq_ijyb
D:4:      layout_basic, uniq_edmund

Skill      XL: |  1  2  3  4 |
---------------+-------------+-----
Spellcasting   | 5 |  5.1
Invocations    | 1 |  1.3
Long Blades    | 1 |  1.2
Axes           | 1 |  1.2
Maces & Flails | 1 |  1.2
Polearms       | 1 |  1.2
Staves         | 1 |  1.2
Ranged Weapons | 1 |  1.2
Throwing       | 1 |  1.2
Armour         | 1 |  1.2
Dodging        | 1 |  1.2
Unarmed Combat | 1 |  1.2
Evocations     | 1 |  1.2
Shapeshifting  | 1 |  1.1
Conjurations   | 1 |  1.0
Hexes          | 1 |  1.0
Summonings     | 1 |  1.0
Necromancy     | 1 |  1.0
Translocations | 1 |  1.0
Fire Magic     | 1 |  1.0
Ice Magic      | 1 |  1.0
Air Magic      | 1 |  1.0
Earth Magic    | 1 |  1.0
Alchemy        | 1 |  1.0
Fighting       | |  2.8
Short Blades   | |  8.6
Stealth        | |  2.6
Shields        | |  2.8

Action                     |  1- 3 |  4- 6 || total
---------------------------+-------+-------++-------
  Melee: Short sword       |   155 |     9 ||   164
         Bite              |    10 |       ||    10
   Stab: Sleeping          |     3 |     1 ||     4
 Armour: Robe              |    59 |     2 ||    61
  Dodge: Dodged            |    55 |     1 ||    56
  Block: Buckler           |    26 |       ||    26
